 Seeded DCSS version 0.30-a0-393-g54b8e3be05 (webtiles) character file.

Game seed: 5000004 (custom seed)

190 McGhostyFace the Fighter (level 5, 0/51 HPs)
             Began as a Gnoll Wanderer on Dec 4, 2022.
             Slain by Grinder (7 damage)
             ... on level 3 of the Dungeon on Dec 6, 2022.
             The game lasted 00:07:41 (3438 turns).

McGhostyFace the Fighter (Gnoll Wanderer)           Turns: 3438, Time: 00:07:41

Health: 0/51       AC:  2    Str:  9 (11) XL:     5   Next: 69%
Magic:  0/9        EV: 11    Int: 15 (18) God:
Gold:   113        SH:  0    Dex:  6 (7)  Spells: 6/10 levels left

rFire   + . .      SeeInvis .    j - +0 spear
rCold   + . .      Faith    .    (no shield)
rNeg    . . .      Spirit   .    c - +0 robe
rPois   +          Reflect  .    (no helmet)
rElec   +          Harm     .    (no cloak)
rCorr   +          Rampage  .    (no gloves)
Will    .....                    (no boots)
Stlth   ++........               (no amulet)
HPRegen 0.28/turn                (no ring)
MPRegen 0.11/turn                (no ring)

@: resistant, freezing walls, attractive
A: fangs 1, strong nose, distributed training
a: no special abilities


You were on level 3 of the Dungeon.
You visited 1 branch of the dungeon, and saw 3 of its levels.

You collected 113 gold pieces.

Inventory:

Hand Weapons
 i - a +0 short sword
 j - a +0 spear (weapon)
Missiles
 k - 5 poisoned darts
Armour
 c - a +0 robe (worn)
Jewellery
 g - a +4 ring of evasion
Scrolls
 a - 2 scrolls of teleportation {unknown}
 d - 2 scrolls of fear {unknown}
 f - 2 scrolls of poison {unknown}
 h - a scroll of noise {unknown}
 o - 3 scrolls of summoning {unknown}
Potions
 b - a potion of mutation
 e - a potion of degeneration
 m - a potion of lignification {unknown}
 n - a potion of attraction


   Skills:
 + Level 8.7 Fighting
 + Level 1.6 Short Blades
 + Level 1.6 Long Blades
 + Level 1.6 Axes
 + Level 1.6 Maces & Flails
 + Level 1.6 Polearms
 + Level 1.6 Staves
 + Level 1.6 Ranged Weapons
 + Level 1.6 Throwing
 + Level 1.6 Armour
 + Level 1.6 Dodging
 + Level 2.9 Stealth
 + Level 1.6 Shields
 + Level 1.6 Unarmed Combat
 + Level 3.2 Spellcasting
 + Level 1.3 Conjurations
 + Level 1.3 Hexes
 + Level 1.3 Summonings
 + Level 1.3 Necromancy
 + Level 1.3 Translocations
 + Level 1.3 Transmutations
 + Level 1.3 Fire Magic
 + Level 5.6 Ice Magic
 + Level 2.5 Air Magic
 + Level 1.3 Earth Magic
 + Level 1.3 Poison Magic
 + Level 1.9 Invocations
 + Level 1.6 Evocations


You had 6 spell levels left.
You knew the following spells:

 Your Spells              Type           Power      Damage    Failure   Level
a - Shock                 Conj/Air       32%        1d5       9%          1
b - Frozen Ramparts       Ice            38%        1d6       6%          3

Your spell library contained the following spells:

 Spells                   Type           Power      Damage    Failure   Level
 Freeze                   Ice            76%        1d8       1%          1
 Kindle Blastsparks       Fire/Tloc/Air  14%        2d11      28%         3
 Ice Form                 Ice/Tmut       12%        N/A       43%         4


Dungeon Overview and Level Annotations

Branches:
Dungeon (3/15)

Altars:
Ru

Shops:
D:2 =

Annotations:
D:3 Grinder


Innate Abilities, Weirdness & Mutations

You have very sharp teeth.
Your uncanny sense of smell can sniff out nearby items.
Your experience applies equally to all skills.


Message History

Grinder is moderately wounded.
The frozen ramparts melt away.
Grinder hits you!
You writhe in agony.
Casting: Shock (safe; 8% risk of failure)
Confirm with . or Enter, or press ? or * to list all spells.
Casting: Frozen Ramparts (dangerous; 4% risk of failure)
Press: ? - help, Dir - look around, f - activate The walls around you are covered in ice.
Grinder completely resists.
The wall freezes Grinder but does no damage.
Grinder hits you!
You barely miss Grinder.
Grinder is moderately wounded.
The wall freezes Grinder but does no damage.
Grinder hits you.
* * * LOW HITPOINT WARNING * * *
You writhe in agony.
* * * LOW HITPOINT WARNING * * *
You closely miss Grinder.
Grinder is moderately wounded.
Grinder resists.
The wall freezes Grinder.
Grinder hits you.
* * * LOW HITPOINT WARNING * * *
You writhe in agony.
* * * LOW HITPOINT WARNING * * *
It was a potion of degeneration.
There was something very wrong with that liquid.
You feel weakened.
You feel dopey.
You feel clumsy.
Grinder completely resists.
The wall freezes Grinder but does no damage.
Grinder barely misses you.
It was a potion of attraction.
You feel attractive to monsters.
Grinder completely resists.
The wall freezes Grinder but does no damage.
Grinder hits you but does no damage.
It was a potion of resistance.
You feel protected.
Grinder completely resists.
The wall freezes Grinder but does no damage.
Grinder hits you!
You die...

∆ ... #.# ##
#######.#.########## ...
#..@5...#.#......... ..
#.#######.#........#
####.###.#######.#........#
...>................†####..
)######.######.#.....# #..
#.# ##.#..##..####.. ...#
#.# ##.#...###.......
#....# #.###.#....#
####.... #.....#
##.##.#.....# #..).


You could see Grinder.

Vanquished Creatures
  A hound (D:3)
  Jessica (D:3)
  Natasha (twice) (D:3)
  3 adders
  2 dart slugs (D:2)
  An orc (D:3)
  2 ball pythons (D:1)
  6 endoplasms
  3 giant cockroaches
  A goblin (D:3)
  6 hobgoblins
  4 jackals (D:2)
  3 quokkas
  8 bats
  2 frilled lizards (D:2)
  3 kobolds
  8 rats
56 creatures vanquished.

Notes
Turn   | Place    | Note
-------+----------+-------------------------------------------
     0 | D:1      | McGhostyFace the Gnoll Wanderer began the quest for the
                  | Orb.
     0 | D:1      | McGhostyFace set off with the following items: a +0 club, a
                  | potion of mutation, a +0 robe, a potion of curing; and the
                  | following spells available to memorise: Freeze, Frozen
                  | Ramparts, Shock, Kindle Blastsparks, Ice Form.
     0 | D:1      | Reached XP level 1. HP: 26/26 MP: 4/4
     0 | D:1      | Upgraded the game from 0.30-a0-390-g80c34de65d to
                  | 0.30-a0-393-g54b8e3be05
     2 | D:1      | Learned a level 1 spell: Shock
   585 | D:1      | Reached XP level 2. HP: 24/33 MP: 0/5
   883 | D:1      | Found a faded altar of an unknown god.
  1288 | D:2      | Reached XP level 3. HP: 35/38 MP: 0/7
  1292 | D:2      | Learned a level 3 spell: Frozen Ramparts
  1532 | D:2      | Reached skill level 1 in Invocations
  1618 | D:2      | Found Onanubyi's One-of-a-Kind Rings.
  1768 | D:2      | Reached skill level 1 in Short Blades
  1768 | D:2      | Reached skill level 1 in Long Blades
  1768 | D:2      | Reached skill level 1 in Axes
  1768 | D:2      | Reached skill level 1 in Maces & Flails
  1768 | D:2      | Reached skill level 1 in Polearms
  1768 | D:2      | Reached skill level 1 in Staves
  1768 | D:2      | Reached skill level 1 in Ranged Weapons
  1768 | D:2      | Reached skill level 1 in Throwing
  1768 | D:2      | Reached skill level 1 in Armour
  1768 | D:2      | Reached skill level 1 in Dodging
  1768 | D:2      | Reached skill level 1 in Shields
  1768 | D:2      | Reached skill level 1 in Unarmed Combat
  1768 | D:2      | Reached skill level 1 in Evocations
  1980 | D:2      | Reached XP level 4. HP: 32/45 MP: 1/8
  2630 | D:3      | Noticed Natasha
  2640 | D:3      | Killed Natasha
  2641 | D:3      | Reached skill level 1 in Conjurations
  2641 | D:3      | Reached skill level 1 in Hexes
  2641 | D:3      | Reached skill level 1 in Summonings
  2641 | D:3      | Reached skill level 1 in Necromancy
  2641 | D:3      | Reached skill level 1 in Translocations
  2641 | D:3      | Reached skill level 1 in Transmutations
  2641 | D:3      | Reached skill level 1 in Fire Magic
  2641 | D:3      | Reached skill level 1 in Earth Magic
  2641 | D:3      | Reached skill level 1 in Poison Magic
  2942 | D:3      | Noticed Natasha
  2946 | D:3      | Killed Natasha
  2947 | D:3      | Reached XP level 5. HP: 51/51 MP: 4/9
  2988 | D:3      | Found a sacrificial altar of Ru.
  3104 | D:3      | Noticed Jessica
  3111 | D:3      | Killed Jessica
  3419 | D:3      | Noticed Grinder
  3438 | D:3      | Slain by Grinder

Illustrated notes

Levels and vault maps discovered:
D:1:      ebering_trefoil_twist, layout_loops_ring,
          shapermc_ecumenical_altar_petra
D:2:      layout_loops_ring, nicolae_shop_unique_rings,
          kennysheep_generic_room_12
D:3:      wad_pebble_path, layout_basic, nicolae_ru_awakened_eye, fountainhead,
          uniq_grinder, uniq_jessica, uniq_natasha

Skill      XL: |  1  2  3  4 |
---------------+-------------+-----
Air Magic      | 2 |  2.5
Invocations    | 1 |  1.9
Short Blades   | 1 |  1.6
Long Blades    | 1 |  1.6
Axes           | 1 |  1.6
Maces & Flails | 1 |  1.6
Polearms       | 1 |  1.6
Staves         | 1 |  1.6
Ranged Weapons | 1 |  1.6
Throwing       | 1 |  1.6
Armour         | 1 |  1.6
Dodging        | 1 |  1.6
Shields        | 1 |  1.6
Unarmed Combat | 1 |  1.6
Evocations     | 1 |  1.6
Spellcasting   | 3 |  3.2
Conjurations   | 1 |  1.3
Hexes          | 1 |  1.3
Summonings     | 1 |  1.3
Necromancy     | 1 |  1.3
Translocations | 1 |  1.3
Transmutations | 1 |  1.3
Fire Magic     | 1 |  1.3
Earth Magic    | 1 |  1.3
Poison Magic   | 1 |  1.3
Fighting       | |  8.7
Stealth        | |  2.9
Ice Magic      | |  5.6

Action                   |  1- 3 |  4- 6 || total
-------------------------+-------+-------++-------
Melee: Club              |    14 |       ||    14
       Short sword       |    80 |       ||    80
       Bite              |     7 |     2 ||     9
       Spear             |     1 |    15 ||    16
 Cast: Shock             |    70 |    58 ||   128
       Frozen Ramparts   |       |     2 ||     2
  Use: Potion            |     1 |     3 ||     4
 Stab: Sleeping          |       |     1 ||     1
Armor: Robe              |    24 |     6 ||    30
Dodge: Dodged            |    83 |    10 ||    93

Table legend: (Time is in decaauts)
 A = Elapsed time spent in this place.
 B = Non-inter-level travel time spent in this place.
 C = Inter-level travel time spent in this place.
 D = Time resting spent in this place.
 E = Time spent auto-exploring this place.
 F = Levels seen in this place.
 G = Mean time per level.
                   A        B        C        D        E       F      G
               +--------+--------+--------+--------+--------+-----+--------+
         Total |   3440 |   3355 |     85 |    964 |   1978 |   3 | 1146.7 |
       Dungeon |   3440 |   3355 |     85 |    964 |   1978 |   3 | 1146.7 |
               +--------+--------+--------+--------+--------+-----+--------+

Top non-repeatable levels by time:
     D:2: 1409 daAuts
     D:3: 1099 daAuts
     D:1: 931 daAuts
